 Dungeon Crawl Stone Soup version 0.31-a0-182-gc5ef74bbde (webtiles) character file.

Game seed: 13880243151801410038

57 qw the Chopper (level 4, -7/28 HPs)
             Began as a Gargoyle Fighter on June 21, 2023.
             Mangled by a gnoll
             ... wielding a +0 halberd
              (9 damage)
             ... on level 2 of the Dungeon.
             The game lasted 00:00:31 (787 turns).

qw the Chopper (Gargoyle Fighter)                    Turns: 787, Time: 00:00:31

Health: -7/28      AC: 10    Str: 22    XL:     4   Next: 0%
Magic:  4/4        EV:  9    Int:  8    God:
Gold:   37         SH:  9    Dex:  9    Spells: 3/3 levels left

rFire   . . .        Y - +0 war axe
rCold   . . .        c - +0 buckler
rNeg    + . .        b - +0 scale mail
rPois   inf          (no helmet)
rElec   +            (no cloak)
rCorr   .            (no gloves)
SInv    .            (no boots)
Will    .....        k - amulet of reflection Stlth
                     (no ring)
HPRegen 0.24/turn    (no ring)
MPRegen 0.09/turn

%: reflection
@: no status effects
A: sickness immunity, AC +3, negative energy resistance 1, electricity
resistance, torment resistance 1, petrification resistance
a: no special abilities


You were on level 2 of the Dungeon.
You visited 1 branch of the dungeon, and saw 2 of its levels.

You collected 37 gold pieces.


Innate Abilities, Weirdness & Mutations

You are immune to sickness and miasma.
Your stone body is resilient. (AC +3)
You are immune to poison.
You resist negative energy. (rN+)
You are resistant to electric shocks. (rElec)
You are resistant to unholy torment.
You are immune to petrification.


   Skills:
 - Level 3.2 Fighting
 + Level 3.7 Axes
 - Level 3.2 Armour
 - Level 3.2 Shields


You had 3 spell levels left.
You didn't know any spells.
Your spell library was empty.

Inventory:

Hand Weapons
 j - a +0 club
 Y - a +0 war axe (weapon)
Armour
 b - a +0 scale mail (worn)
 c - a +0 buckler (worn)
Jewellery
 k - an amulet of reflection (around neck)
Scrolls
 a - a scroll of identify
Potions
 d - a potion of might
 h - a potion of ambrosia {unknown}
 m - a potion of heal wounds {unknown}

Dungeon Overview and Level Annotations

Branches:
Dungeon (2/15)

Altars:

Shops:
D:1 :


Message History

The gnoll shouts!
You hear a shout!
A hobgoblin comes into view. x2
774 ||| Stepping ~*~*~tactically~*~*~ (hiding).
You start waiting.
A gnoll is nearby!
777 ||| Stepping ~*~*~tactically~*~*~ (hiding).
A gnoll comes into view. It is wielding a +0 flail.
You hit the gnoll.
The gnoll is moderately wounded.
The gnoll hits you with a +0 whip.
You barely miss the gnoll.
The gnoll is moderately wounded.
The gnoll barely misses you. You block the gnoll's attack.
The gnoll hits you but does no damage. The gnoll hits you with a +0 whip.
You hit the gnoll but do no damage.
The gnoll is lightly wounded.
The gnoll barely misses you. You block the gnoll's attack.
You closely miss the gnoll.
The gnoll is lightly wounded.
The gnoll hits you from afar with a +0 halberd.
The gnoll hits you with a +0 whip!
You hit the gnoll.
The gnoll is heavily wounded.
You block the gnoll's attack. The gnoll barely misses you.
You block the gnoll's attack. The gnoll barely misses you.
You closely miss the gnoll.
The gnoll is heavily wounded.
You hit the gnoll. The gnoll barely misses you. You block the gnoll's attack.
The gnoll hits you with a +0 flail.
You barely miss the gnoll.
The gnoll is heavily wounded.
You hit the gnoll but do no damage. The gnoll hits you with a +0 whip.
The gnoll barely misses you. You block the gnoll's attack.
You hit the gnoll.
The gnoll is heavily wounded.
You slash the gnoll!
The gnoll hits you from afar with a +0 halberd!
You die...

...# ... ... ... ##
#........#
...<...............#
#.#... . .#.#...g..#
#.#..# #. ..g......#
#.#..# #. #g#......
#.#..# #..#@#......
######.#..# #..#.g.#.#
.......#..###........#
.......#....#.##.#####
.........<#.#.##.#
.......#..#.#.##.#
.#####......#..#.#
##......#..#.#
...............#


You could see 3 gnolls.

Vanquished Creatures
  2 gnolls (D:1)
  A ball python (D:1)
  3 endoplasms (D:1)
  2 goblins (D:1)
  2 hobgoblins (D:1)
  6 jackals (D:1)
  2 kobolds (D:1)
  2 quokkas (D:1)
  6 bats
  5 frilled lizards (D:1)
  4 rats (D:1)
35 creatures vanquished.

Notes
Turn   | Place    | Note
-------+----------+-------------------------------------------
     0 | D:1      | qw the Gargoyle Fighter began the quest for the Orb.
     0 | D:1      | Reached XP level 1. HP: 14/14 MP: 1/1
     0 | D:1      | 0 ||| qw: Version: 0.3-a-9-g12657ce
     0 | D:1      | 0 ||| qw: Game counter: 1539
     0 | D:1      | 0 ||| qw: Always use a shield: true
     0 | D:1      | 0 ||| qw: God list: Okawaru
     0 | D:1      | 0 ||| qw: Allow faded altars: false
     0 | D:1      | 0 ||| qw: Do Orc after D:15 true
     0 | D:1      | 0 ||| qw: Do second Lair branch before Depths: true
     0 | D:1      | 0 ||| qw: Lair rune preference: random
     0 | D:1      | 0 ||| qw: Plans: Normal, Zot:1-4, Slime:5, God:TSO, Crypt,
                  | Tomb, Abyss, Pan, Hells, Win
     0 | D:1      | 0 ||| PLANNING D:1-11
    15 | D:1      | Found Lousis's Vocational Training.
    63 | D:1      | Found a faded altar of an unknown god.
   156 | D:1      | Reached XP level 2. HP: 19/19 MP: 2/2
   325 | D:1      | 325 ||| Stepping ~*~*~tactically~*~*~ (stealth).
   331 | D:1      | Reached skill level 3 in Axes
   337 | D:1      | Reached XP level 3. HP: 11/23 MP: 3/3
   698 | D:1      | 698 ||| UPGRADING to amulet of reflection.
   703 | D:1      | 703 ||| READING 2 scrolls labelled JUMAAT RUIRGH.
   704 | D:1      | 704 ||| READING scroll labelled DASSARR HEJAC.
   705 | D:1      | 705 ||| READING scroll labelled JOMEHO CYRAGG.
   706 | D:1      | 706 ||| READING scroll labelled QETABBA GAPH.
   707 | D:1      | 707 ||| READING scroll labelled CIETTE MUMEUGE.
   759 | D:2      | Reached XP level 4. HP: 28/28 MP: 4/4
   774 | D:2      | 774 ||| Stepping ~*~*~tactically~*~*~ (hiding).
   777 | D:2      | 777 ||| Stepping ~*~*~tactically~*~*~ (hiding).
   785 | D:2      | HP: 6/28 [gnoll/+0 flail (6)]
   786 | D:2      | HP: 2/28 [gnoll/+0 whip (5)]
   787 | D:2      | Mangled by a gnoll

Levels and vault maps discovered:
D:1:      dpeg_arrival_tiny_j, layout_basic,
          ebering_ecumenical_altar_sacrificial, nicolae_shop_vocational
D:2:      layout_basic, serial_shops, nicolae_shop_bloodbath_and_beyond,
          minmay_tall_x

Skill      XL: |  1  2 |
---------------+-------+-----
Axes           | 2 3 |  3.7
Fighting       | |  3.2
Armour         | |  3.2
Shields        | |  3.2

Action                     |  1- 3 |  4- 6 || total
---------------------------+-------+-------++-------
  Melee: War axe           |    83 |     8 ||    91
    Use: Scroll            |     5 |       ||     5
 Armour: Scale mail        |    56 |     1 ||    57
  Dodge: Dodged            |    57 |     6 ||    63
  Block: Buckler           |    18 |     6 ||    24

Table legend:
 A = Non-vault XP
 B = Vault XP
 C = Vault XP percentage of total XP
 D = Non-vault monster count
 E = Vault monster count
 F = Vault count percentage of total count
                 A         B        C        D         E       F
            +---------+---------+-------+---------+---------+-------
      Total |      82 |       0 |   0.0 |      35 |       0 |   0.0
            +---------+---------+-------+---------+---------+-------
        D:1 |      81 |       0 |   0.0 |      34 |       0 |   0.0
        D:2 |       1 |       0 |   0.0 |       1 |       0 |   0.0
            +---------+---------+-------+---------+---------+-------
